 Dungeon Crawl Stone Soup version 0.29-a0-330-g52719c12eb (webtiles) character file.

Game seed: 6001985604969028613

703 Ajdolov the Skirmisher (level 7, -5/78 HPs)
             Began as an Ogre Berserker on Apr 14, 2022.
             Was a Believer of Trog.
             Killed from afar by an orc wizard (7 damage)
             ... with a magic dart
             ... on level 5 of the Dungeon.
             The game lasted 00:07:05 (7196 turns).

Ajdolov the Skirmisher (Ogre Berserker)             Turns: 7196, Time: 00:07:06

Health: -5/78      AC:  3    Str: 23 (24) XL:     7   Next: 66%
Magic:  7/7        EV: 10    Int:  6 (8)  God:    Trog [**....]
Gold:   214        SH:  0    Dex:  7 (8)  Spells: 6/6 levels left

rFire   + . .      SeeInvis .   a - +0 mace
rCold   . . .      Faith    .   (no shield)
rNeg    + . .      Spirit   .   b - +0 animal skin
rPois   .          Reflect  .   (helmet restricted)
rElec   .          Harm     .   (no cloak)
rCorr   .          Rampage  .   (gloves unavailable)
Will    ++...                   (boots unavailable)
Stlth   +.........              (no amulet)
HPRegen 1.23/turn               k - ring of positive energy
MPRegen 0.10/turn               o - ring of protection from fire

@: brilliant, strong-willed, on berserk cooldown, regenerating
A: large, unfitting armour, tough skin 1
a: Renounce Religion, Berserk, Trog's Hand


You were on level 5 of the Dungeon.
You worshipped Trog.
Trog was pleased with you.
You visited 1 branch of the dungeon, and saw 5 of its levels.

You collected 214 gold pieces.

Inventory:

Hand Weapons
 a - a +0 mace (weapon)
Armour
 b - a +0 animal skin (worn)
Jewellery
 k - a ring of positive energy (left hand)
 o - a ring of protection from fire (right hand)
Wands
 l - a wand of flame (30)
Scrolls
 c - 3 scrolls of blinking {unknown}
 e - a scroll of magic mapping {unknown}
 g - 2 scrolls of identify {unknown}
 i - 2 scrolls of enchant armour {unknown}
 j - a scroll of amnesia {unknown}
 p - 2 scrolls of torment {unknown}
 s - 2 scrolls of enchant weapon {unknown}
 v - a scroll of noise {unknown}
 w - a scroll of teleportation {unknown}
Potions
 d - a potion of degeneration
 f - 2 potions of brilliance
 h - a potion of curing
 m - a potion of heal wounds {unknown}
 n - 2 potions of magic
 q - a potion of flight {unknown}
 r - 2 potions of attraction {unknown}
 t - a potion of might {unknown}
 u - a potion of invisibility {unknown}


   Skills:
 + Level 7.3 Fighting
 * Level 6.7 Maces & Flails
 - Level 2.6 Dodging


You had 6 spell levels left.
You didn't know any spells.
Your spell library was empty.

Dungeon Overview and Level Annotations

Branches:
Dungeon (5/15)
 Temple: D:4-7

Altars:
Gozag
Uskayaw

Annotations:
D:3 2 transporters, jt's ghost, weakling GrDe


Innate Abilities, Weirdness & Mutations

You are too large for most types of armour.
You have tough skin. (AC +1)


Message History

You barely miss the adder.
The adder is almost dead.
The adder bites you but does no damage. The adder bites you.
* * * LOW HITPOINT WARNING * * *
Unknown command.
You barely miss the adder.
The adder is almost dead.
The adder barely misses you. x2; The adder bites you.
* * * LOW HITPOINT WARNING * * *
You hit the adder.
You kill the adder!
Trog accepts your kill.
Your skin stops crawling.
You feel less strong-willed.
The orc unwields a +0 whip.
The orc wields a +0 hunting sling.
The orc shoots a sling bullet.
The sling bullet hits you.
* * * LOW HITPOINT WARNING * * *
You hear some strange, mumbled words.
A puff of flame appears from out of thin air!
The puff of flame hits you. You resist.
* * * LOW HITPOINT WARNING * * *
The orc shoots a sling bullet.
The sling bullet hits you.
* * * LOW HITPOINT WARNING * * *
Your skin crawls.
You feel strong-willed.
You feel yourself speed up. Something hits you.
* * * LOW HITPOINT WARNING * * *
The orc shoots a sling bullet.
The sling bullet barely misses you.
Unknown command.
Okay, then.
It was a potion of magic.
Magic courses through your body. Something hits you.
* * * LOW HITPOINT WARNING * * *
The orc shoots a sling bullet.
The sling bullet closely misses you.
Okay, then.
It was a potion of degeneration.
There was something very wrong with that liquid.
You feel weakened.
You feel dopey.
You feel clumsy.
You hear some strange, mumbled words.
A magic dart appears from out of thin air!
The magic dart hits you!
You die...

g. #........##..# ###
#.#####........##..#
...##....##............###
..#..................#))
#....... .....##รท)#...)#
.##.#....# ###.###.###)..#
.........# #.#...###..##
..$....l######...##.......
.......o{@..##.####.......
........###....# #.......
.....)..# ##...# #.......
.)......# #...............
.......(.....#.#..........
....)...##..#......##..###
........#... ..........
###...#..... ..###...#.
.#.## ..# ...


You could see an iguana and an orc.

Vanquished Creatures
  Menkaure (D:4)
  2 gnoll shamans (D:5)
  An orc priest (D:5)
  2 hounds (D:4)
  2 iguanas (D:5)
  12 adders
  17 gnolls
  2 worms (D:3)
  4 dart slugs
  9 orcs
  6 ball pythons
  9 bats
  5 endoplasms
  2 giant cockroaches
  8 goblins
  7 hobgoblins
  4 jackals (D:4)
  13 kobolds
  5 quokkas
  A frilled lizard (D:1)
  5 rats
117 creatures vanquished.

Notes
Turn   | Place    | Note
-------+----------+-------------------------------------------
     0 | D:1      | Ajdolov the Ogre Berserker began the quest for the Orb.
     0 | D:1      | Reached XP level 1. HP: 24/24 MP: 1/1
    82 | D:1      | Reached XP level 2. HP: 26/32 MP: 2/2
   591 | D:1      | Reached XP level 3. HP: 25/40 MP: 3/3
  1432 | D:2      | Reached XP level 4. HP: 36/49 MP: 4/4
  1617 | D:2      | Found a faded altar of an unknown god.
  1765 | D:2      | Identified the +4 scale mail of Grot {rCorr Str+2 Dex+7}
  2015 | D:2      | Reached ** piety under Trog
  2260 | D:3      | Found an opulent altar of Gozag.
  2281 | D:3      | Reached skill level 5 in Fighting
  2729 | D:3      | Identified the +2 dire flail "Gumn" {vorpal, rC+ Int+4}
  2729 | D:3      | Noticed an ogre
  2735 | D:3      | Found a transporter.
  2753 | D:3      | Noticed jt's ghost (weakling GrDe)
  2754 | D:3      | Noticed an ogre
  2800 | D:3      | Found a transporter.
  3389 | D:3      | Reached XP level 5. HP: 57/57 MP: 5/5
  3948 | D:4      | Noticed Menkaure
  3957 | D:4      | Killed Menkaure
  3958 | D:4      | Reached skill level 6 in Fighting
  3958 | D:4      | Reached skill level 5 in Maces & Flails
  3958 | D:4      | Reached XP level 6. HP: 57/67 MP: 6/6
  4590 | D:4      | Found a hide-covered altar of Uskayaw.
  5156 | D:5      | Entered Level 5 of the Dungeon
  5458 | D:5      | Reached XP level 7. HP: 76/76 MP: 7/7
  6553 | D:5      | Reached skill level 7 in Fighting
  7194 | D:5      | HP: 2/78 [something (5)]
  7196 | D:5      | Killed from afar by an orc wizard

Illustrated notes

Levels and vault maps discovered:
D:1:      amcnicky_arrival_wind_blow, layout_loops_ring,
          hangedman_decor_slide_cut, fountainhead, minmay_cupped
D:2:      layout_loops_cross, basic_ecumenical_altar
D:3:      minmay_chambers_of_threes, layout_basic,
          mainiacjoe_overflow_boulevard, gammafunk_ghost_smash,
          minmay_misc_feat_rows, grunt_ministairs_14, grunt_decor_cap
D:4:      layout_basic, nicolae_uskayaw_murder_on_the_dancefloor, uniq_menkaure
D:5:      layout_rooms, nicolae_elevator_lobby_asterisk

Skill      XL: |  1  2  3  4  5  6  7 |
---------------+----------------------+-----
Maces & Flails | 3 4 5 6 |  6.7
Fighting       | 5 6 7 |  7.3
Dodging        | |  2.6

Action                   |  1- 3 |  4- 6 |  7- 9 || total
-------------------------+-------+-------+-------++-------
Melee: Mace              |    77 |   238 |   128 ||   443
       Punch             |       |     2 |     1 ||     3
Invok: Berserk           |     1 |     5 |     6 ||    12
       Trog's Hand       |       |       |     4 ||     4
  Use: Potion            |       |       |     6 ||     6
Armor: Animal skin       |    23 |    55 |    24 ||   102
Dodge: Dodged            |    52 |   122 |    87 ||   261

Table legend: (Time is in decaauts)
 A = Elapsed time spent in this place.
 B = Non-inter-level travel time spent in this place.
 C = Inter-level travel time spent in this place.
 D = Time resting spent in this place.
 E = Time spent auto-exploring this place.
 F = Levels seen in this place.
 G = Mean time per level.
                   A        B        C        D        E       F      G
               +--------+--------+--------+--------+--------+-----+--------+
         Total |   7347 |   7197 |    150 |   1743 |   4450 |   5 | 1469.4 |
       Dungeon |   7347 |   7197 |    150 |   1743 |   4450 |   5 | 1469.4 |
               +--------+--------+--------+--------+--------+-----+--------+

Top non-repeatable levels by time:
     D:3: 1854 daAuts
     D:4: 1668 daAuts
     D:5: 1615 daAuts
     D:1: 1301 daAuts
     D:2: 907 daAuts
